 Dungeon Crawl Stone Soup version 0.29-a0-1033-gb6c65ffae6 (console) character file.

Game seed: 3907870961158224590

5306 jejorda2 the Basher (level 10, -1/82 HPs)
             Began as a Gnoll Berserker on Aug 14, 2022.
             Was a Priest of Trog.
             Slain by a spriggan
             ... wielding a +0 trident
              (12 damage)
             ... in a bailey.
             The game lasted 00:22:08 (8713 turns).

jejorda2 the Basher (Gnoll Berserker)               Turns: 8713, Time: 00:22:09

Health: -1/82      AC: 15    Str: 22    XL:     10   Next: 64%
Magic:  18/18      EV: 10    Int:  6    God:    Trog [***...]
Gold:   366        SH:  0    Dex: 11    Spells: 20/20 levels left

rFire   . . .      SeeInvis .   a - +2 lajatang (speed)
rCold   . . .      Faith    .   (shield currently unavailable)
rNeg    + . .      Spirit   .   f - +0 chain mail
rPois   +          Reflect  .   r - +2 helmet
rElec   .          Harm     .   (no cloak)
rCorr   .          Rampage  .   b - +0 pair of gloves
Will    .....                   (no boots)
Stlth   ..........              (no amulet)
HPRegen 0.23/turn               v - ring of poison resistance
MPRegen 0.16/turn               s - ring of positive energy

@: on berserk cooldown, slowed, very slow
A: fangs 1, strong nose, distributed training
a: Renounce Religion, Berserk, Trog's Hand


You were in a bailey.
You worshipped Trog.
Trog was most pleased with you.
You visited 2 branches of the dungeon, and saw 9 of its levels.
You also visited: Bailey.

You collected 496 gold pieces.
You spent 130 gold pieces at shops.

Inventory:

Hand Weapons
 a - a +2 lajatang of speed (weapon)
 D - a +3 morningstar
Missiles
 o - 27 stones (quivered)
 y - 3 poisoned darts
Armour
 b - a +0 pair of gloves (worn)
 f - a +0 chain mail (worn)
 r - a +2 helmet (worn)
 t - a +0 tower shield
Jewellery
 s - a ring of positive energy (right hand)
 v - a ring of poison resistance (left hand)
Wands
 e - a wand of iceblast (13)
 q - a wand of digging (1)
 A - a wand of polymorph (15)
 C - a wand of flame (14)
Scrolls
 g - a scroll of teleportation
 n - a scroll of enchant armour
 w - a scroll of poison
Potions
 c - a potion of lignification
 d - a potion of cancellation
 h - a potion of heal wounds
 i - 4 potions of ambrosia
 j - 3 potions of mutation
 k - 2 potions of flight
 l - 4 potions of curing
 m - 3 potions of might
 p - a potion of berserk rage {unknown}
 u - a potion of attraction
 x - a potion of resistance


   Skills:
 + Level 8.8 Fighting
 + Level 5.6 Short Blades
 + Level 5.6 Long Blades
 + Level 5.6 Axes
 + Level 8.8 Maces & Flails
 + Level 5.6 Polearms
 + Level 5.6 Staves
 + Level 5.6 Ranged Weapons
 + Level 5.6 Throwing
 + Level 7.4 Armour
 + Level 7.4 Dodging
 + Level 5.6 Stealth
 + Level 5.6 Shields
 + Level 5.6 Unarmed Combat
 + Level 5.6 Spellcasting
 + Level 4.7 Conjurations
 + Level 4.7 Hexes
 + Level 4.7 Summonings
 + Level 4.7 Necromancy
 + Level 4.7 Translocations
 + Level 4.7 Transmutations
 + Level 4.7 Fire Magic
 + Level 4.7 Ice Magic
 + Level 4.7 Air Magic
 + Level 4.7 Earth Magic
 + Level 4.7 Poison Magic
 + Level 6.2 Invocations
 + Level 5.6 Evocations


You had 20 spell levels left.
You didn't know any spells.
Your spell library was empty.

Dungeon Overview and Level Annotations

Branches:
Dungeon (8/15)             Temple (1/1) D:6          Bailey (1/1)
   Lair: D:8-11

Altars:
Ashenzari
Cheibriados
Elyvilon
Fedhas
Hepliaklqana
Kikubaaqudgha
Makhleb
Nemelex Xobeh
Ru
Uskayaw
Vehumet
Wu Jian
Xom
Yredelemnul
The Shining One

Shops:
D:5 *   D:6 :

Annotations:
Temple 4 transporters


Innate Abilities, Weirdness & Mutations

You have very sharp teeth.
Your uncanny sense of smell can sniff out nearby items.
Your experience applies equally to all skills.


Message History

You feel yourself slow down. The spriggan closely misses you.
You miss the spriggan.
The spriggan hits you with a +0 trident!
You barely miss the spriggan.
The spriggan hits you but does no damage.
Your unstable footing causes you to fumble your attack.
The spriggan drinks a potion.
The spriggan seems to grow stronger.
You closely miss the spriggan. The spriggan barely misses you.
You barely miss the spriggan.
The spriggan hits you but does no damage.
The spriggan hits you with a +0 trident!!
You closely miss the spriggan.
The spriggan splashes around in the water.
You closely miss the spriggan. The spriggan barely misses you.
You closely miss the spriggan.
The spriggan splashes around in the water.
You slash the spriggan!
The spriggan is moderately wounded.
The spriggan splashes around in the water.
Your unstable footing causes you to fumble your attack.
The spriggan splashes around in the water.
Your unstable footing causes you to fumble your attack.
The spriggan hits you but does no damage.
Your unstable footing causes you to fumble your attack.
The spriggan splashes around in the water.
You closely miss the spriggan.
You bite the spriggan, but do no damage.
The spriggan is moderately wounded.
The spriggan barely misses you.
Your unstable footing causes you to fumble your attack.
The spriggan hits you with a +0 trident.
You closely miss the spriggan.
The spriggan is moderately wounded.
The spriggan hits you with a +0 trident!
* * * LOW HITPOINT WARNING * * *
The spriggan hits you with a +0 trident!
* * * LOW HITPOINT WARNING * * *
Your unstable footing causes you to fumble your attack.
The spriggan hits you with a +0 trident!
You die...

#########
##.......##
##.........##
##..).@~~....#
##..♣#♣#i####..
##..## ...
#..♣♣ ♣♣♣..
#..# ∆∆∆ ..#
#..# ∆∆ ∆∆ .#
#..# ∆ ∆ ♣ .#
#..# .# #..#
..#


You could see a spriggan (strong).

Vanquished Creatures
  A two-headed ogre (Bailey)
  Pikel (D:7)
  A spriggan (Bailey)
  2 wyverns (D:7)
  5 yaks (D:6)
  Eustachio (Temple)
  2 steam dragons
  2 water moccasins
  An ice beast (D:8)
  2 sky beasts
  2 black bears (D:6)
  3 ogres (Bailey)
  A centaur (D:5)
  5 phantoms
  2 lemures (D:7)
  2 bullfrogs
  A gnoll sergeant (D:5)
  3 scorpions
  9 wights
  A howler monkey (D:7)
  An orc priest (D:8)
  Natasha (thrice) (D:2)
  An iguana (D:6)
  2 orc wizards
  A mummy (D:4)
  Robin (D:3)
  12 adders
  4 gnolls (D:5)
  A shadow imp (D:7)
  2 white imps
  2 ufetubi
  3 worms
  A dart slug (D:1)
  23 orcs
  7 ball pythons
  A bat (D:1)
  7 endoplasms
  7 giant cockroaches
  18 goblins
  12 hobgoblins
  9 jackals
  3 quokkas
  4 frilled lizards
  A hobgoblin zombie (D:4)
  6 kobolds
  2 kobold zombies (D:4)
  An orc zombie (D:4)
  3 rats
185 creatures vanquished.

Notes
Turn   | Place    | Note
-------+----------+-------------------------------------------
     0 | D:1      | jejorda2 the Gnoll Berserker began the quest for the Orb.
     0 | D:1      | Reached XP level 1. HP: 23/23 MP: 1/1
   252 | D:1      | Reached XP level 2. HP: 28/29 MP: 2/2
   459 | D:1      | Found a faded altar of an unknown god.
   585 | D:1      | Reached XP level 3. HP: 35/35 MP: 3/3
  1084 | D:2      | Noticed Natasha
  1090 | D:2      | Killed Natasha
  1091 | D:2      | Reached skill level 1 in Short Blades
  1091 | D:2      | Reached skill level 1 in Long Blades
  1091 | D:2      | Reached skill level 1 in Axes
  1091 | D:2      | Reached skill level 1 in Polearms
  1091 | D:2      | Reached skill level 1 in Staves
  1091 | D:2      | Reached skill level 1 in Ranged Weapons
  1091 | D:2      | Reached skill level 1 in Throwing
  1091 | D:2      | Reached skill level 1 in Stealth
  1091 | D:2      | Reached skill level 1 in Shields
  1091 | D:2      | Reached skill level 1 in Unarmed Combat
  1091 | D:2      | Reached skill level 1 in Spellcasting
  1091 | D:2      | Reached skill level 1 in Invocations
  1091 | D:2      | Reached skill level 1 in Evocations
  1128 | D:2      | Reached ** piety under Trog
  1267 | D:2      | Reached XP level 4. HP: 41/41 MP: 5/5
  1466 | D:2      | Reached skill level 1 in Conjurations
  1466 | D:2      | Reached skill level 1 in Hexes
  1466 | D:2      | Reached skill level 1 in Summonings
  1466 | D:2      | Reached skill level 1 in Necromancy
  1466 | D:2      | Reached skill level 1 in Translocations
  1466 | D:2      | Reached skill level 1 in Transmutations
  1466 | D:2      | Reached skill level 1 in Fire Magic
  1466 | D:2      | Reached skill level 1 in Ice Magic
  1466 | D:2      | Reached skill level 1 in Air Magic
  1466 | D:2      | Reached skill level 1 in Earth Magic
  1466 | D:2      | Reached skill level 1 in Poison Magic
  1669 | D:2      | Noticed Natasha
  1677 | D:2      | Killed Natasha
  1678 | D:2      | Reached XP level 5. HP: 43/47 MP: 5/7
  1912 | D:2      | Noticed Natasha
  1916 | D:2      | Killed Natasha
  1944 | D:3      | Noticed Robin
  2189 | D:3      | Killed Robin
  2971 | D:4      | Found a radiant altar of Vehumet.
  3183 | D:4      | Reached XP level 6. HP: 53/53 MP: 8/8
  3360 | D:4      | Found a hide-covered altar of Uskayaw.
  3474 | D:4      | Reached *** piety under Trog
  3627 | D:4      | Reached skill level 5 in Armour
  3627 | D:4      | Reached skill level 5 in Dodging
  3807 | D:5      | Entered Level 5 of the Dungeon
  4002 | D:5      | Found Necoeg's Assorted Antiques.
  4017 | D:5      | Bought a sapphire ring for 130 gold pieces
  4045 | D:5      | Reached XP level 7. HP: 49/59 MP: 10/10
  5011 | D:6      | Reached XP level 8. HP: 64/67 MP: 12/12
  5039 | D:6      | Found a white marble altar of Elyvilon.
  5826 | D:6      | Noticed a yak
  5827 | D:6      | Noticed a yak
  5832 | D:6      | Noticed a yak
  5833 | D:6      | Noticed a yak
  5835 | D:6      | Killed a yak
  5837 | D:6      | Noticed a yak
  5840 | D:6      | Killed a yak
  5844 | D:6      | Noticed Eustachio
  5850 | D:6      | Found a staircase to the Ecumenical Temple.
  5851 | D:6      | Reached XP level 9. HP: 23/73 MP: 14/14
  5859 | Temple   | Entered the Ecumenical Temple
  5859 | Temple   | Found a transporter.
  5859 | Temple   | Found a transporter.
  5866 | Temple   | HP: 3/73 [white imp (4)]
  6070 | Temple   | Found a transporter.
  6070 | Temple   | Found a transporter.
  6299 | Temple   | Killed Eustachio
  6348 | D:6      | Found Deden's Book Shoppe.
  6506 | D:7      | Reached skill level 5 in Invocations
  6750 | D:7      | Found an ancient bone altar of Kikubaaqudgha.
  7116 | D:7      | Identified a scroll of acquirement
  7116 | D:7      | Acquired a +2 lajatang of speed
  7155 | D:7      | Noticed Pikel
  7166 | D:7      | Killed Pikel
  7167 | D:7      | Reached skill level 5 in Short Blades
  7167 | D:7      | Reached skill level 5 in Long Blades
  7167 | D:7      | Reached skill level 5 in Axes
  7167 | D:7      | Reached skill level 5 in Polearms
  7167 | D:7      | Reached skill level 5 in Staves
  7167 | D:7      | Reached skill level 5 in Ranged Weapons
  7167 | D:7      | Reached skill level 5 in Throwing
  7167 | D:7      | Reached skill level 5 in Stealth
  7167 | D:7      | Reached skill level 5 in Shields
  7167 | D:7      | Reached skill level 5 in Unarmed Combat
  7167 | D:7      | Reached skill level 5 in Spellcasting
  7167 | D:7      | Reached skill level 5 in Evocations
  7167 | D:7      | Reached XP level 10. HP: 63/82 MP: 17/17
  8151 | D:7      | Found a sparkling altar of Nemelex Xobeh.
  8490 | D:8      | Found a flagged portal.
  8506 | Bailey   | Entered a bailey
  8677 | Bailey   | Noticed a two-headed ogre
  8686 | Bailey   | Killed a two-headed ogre
  8713 | Bailey   | Slain by a spriggan

Illustrated notes

Levels and vault maps discovered:
D:1:      ncdulo_watergridlock, layout_loops_corners,
          hellmonk_ecumenical_altar_lost_god
D:2:      minmay_general_purpose_star, layout_loops_cross,
          grunt_decor_arrowhead, uniq_natasha
D:3:      layout_basic, uniq_robin
D:4:      layout_gridville, eat_drink_and_be_merry_uskayaw,
          amcnicky_altar_gilded, minmay_mini_ossuary
D:5:      layout_basic, serial_shops, nicolae_shop_waterfront
D:6:      layout_basic, mainiacjoe_overflow_24_doors,
          minmay_temple_entry_sparse_star, serial_shops, nicolae_shop_trees,
          patterned_corridor, uniq_eustachio
D:7:      layout_layer_cave, general_overflow_altar,
          nicolae_overflow_crystal_walls, uniq_pikel
D:8:      layout_gridville, enter_bailey_3, minmay_statues_item
Temple:   hellmonk_temple_divided_pantheon
Bailey:   bailey_polearm_enchanted_keep_hellmonk, bailey

Skill      XL: |  1  2  3  4  5  6  7  8  9 10 |
---------------+-------------------------------+-----
Short Blades   | 1 2 3 5 |  5.6
Long Blades    | 1 2 3 5 |  5.6
Axes           | 1 2 3 5 |  5.6
Polearms       | 1 2 3 5 |  5.6
Staves         | 1 2 3 5 |  5.6
Ranged Weapons | 1 2 3 5 |  5.6
Throwing       | 1 2 3 5 |  5.6
Stealth        | 1 2 3 5 |  5.6
Shields        | 1 2 3 5 |  5.6
Unarmed Combat | 1 2 3 5 |  5.6
Spellcasting   | 1 2 3 5 |  5.6
Invocations    | 1 2 3 4 5 6 |  6.2
Evocations     | 1 2 3 5 |  5.6
Conjurations   | 1 2 3 4 |  4.7
Hexes          | 1 2 3 4 |  4.7
Summonings     | 1 2 3 4 |  4.7
Necromancy     | 1 2 3 4 |  4.7
Translocations | 1 2 3 4 |  4.7
Transmutations | 1 2 3 4 |  4.7
Fire Magic     | 1 2 3 4 |  4.7
Ice Magic      | 1 2 3 4 |  4.7
Air Magic      | 1 2 3 4 |  4.7
Earth Magic    | 1 2 3 4 |  4.7
Poison Magic   | 1 2 3 4 |  4.7
Armour         | 5 6 7 |  7.4
Dodging        | 5 6 7 |  7.4
Fighting       | 7 8 |  8.8
Maces & Flails | 7 8 |  8.8

Action                   |  1- 3 |  4- 6 |  7- 9 | 10-12 || total
-------------------------+-------+-------+-------+-------++-------
Melee: Mace              |    60 |     8 |       |       ||    68
       Bite              |     1 |    21 |    36 |    18 ||    76
       Punch             |     1 |     2 |     8 |       ||    11
       Morningstar       |       |   186 |   270 |       ||   456
       Lajatang          |       |       |     6 |   121 ||   127
Throw: Stone             |     4 |       |       |       ||     4
Invok: Berserk           |     1 |     3 |    10 |     2 ||    16
       Trog's Hand       |       |       |     3 |       ||     3
  Use: Scroll            |       |    10 |    11 |       ||    21
       Potion            |       |       |     4 |       ||     4
Armor: Animal skin       |     1 |       |       |       ||     1
       Leather armour    |     2 |       |       |       ||     2
       Chain mail        |    10 |   132 |   180 |    53 ||   375
Dodge: Dodged            |    31 |    91 |   161 |    49 ||   332

Table legend: (Time is in decaauts)
 A = Elapsed time spent in this place.
 B = Non-inter-level travel time spent in this place.
 C = Inter-level travel time spent in this place.
 D = Time resting spent in this place.
 E = Time spent auto-exploring this place.
 F = Levels seen in this place.
 G = Mean time per level.
                   A        B        C        D        E       F      G
               +--------+--------+--------+--------+--------+-----+--------+
         Total |   8876 |   8503 |    373 |    915 |   5960 |  10 |  887.6 |
       Dungeon |   8353 |   7980 |    373 |    841 |   5656 |   8 | 1044.1 |
        Temple |    310 |    310 |      0 |     36 |    201 |   1 |  310.0 |
        Bailey |    213 |    213 |      0 |     38 |    103 |   1 |  213.0 |
               +--------+--------+--------+--------+--------+-----+--------+

Top non-repeatable levels by time:
     D:6: 1751 daAuts
     D:7: 1578 daAuts
     D:1: 1088 daAuts
     D:2: 1063 daAuts
     D:4: 905 daAuts
     D:5: 896 daAuts
     D:3: 841 daAuts
  Temple: 310 daAuts
     D:8: 227 daAuts
  Bailey: 213 daAuts
